AoeStats
← CinderCloud

Arena

509804085Analyzed
4v4 RM · 5d ago on Sep 28, 2026· 48m 24s· 8 players
Game mode
Random Map
Map size
Large (8 player)
Population
200
Speed
Normal
Resources
Standard
Victory
Conquest
Starting age
Dark Age
Ending age
Imperial Age
RankedLock teamsTeams togetherTeam positionsShared explorationLock speedFull tech treeHidden civsTurbo modeCheats
Victory
Defeat
🇺🇸 Saxons · United States
1206
+18
🇺🇸 Franks · United States
1177
+19
🇺🇸 Hindustanis · United States
1158
+20
1154
+20
🇨🇳 Georgians · China
1307
-21
🇨🇳 Franks · China
1278
-21
🇨🇳 Malians · China
1223
-18
🇦🇷 Lithuanians · Argentina
1196
-17
肥肥猫
10:53 Feudal Age
14:43 Castle Age
12:35 Double-Bit Axe
12:32 Horse Collar
15:57 Bow Saw
20:58 Heavy Plow
22:59 Wheelbarrow
22:11 Loom
27:42 Imperial Age
25:41 Svan Towers
25:29 Fletching
25:48 Gold Mining
25:48 Stone Mining
26:30 Bodkin Arrow
27:03 Hand Cart
27:23 Ballistics
29:34 Chemistry
28:37 Scale Mail Armor
28:47 Forging
29:34 Conscription
28:38 Pikeman
29:18 Squires
29:04 Arson
30:16 Stone Shaft Mining
29:54 Halberdier
30:35 Arrowslits
31:34 Guard Tower
32:53 Chain Mail Armor
33:14 Iron Casting
35:17 Scale Barding Armor
36:13 Blast Furnace
35:43 Plate Mail Armor
35:53 Keep
HajimiManbo
10:58 Feudal Age
10:05 Loom
11:56 Double-Bit Axe
11:52 Horse Collar
14:45 Castle Age
13:45 Stone Mining
13:51 Gold Mining
13:59 Gold Mining
17:49 Wheelbarrow
19:23 Scale Mail Armor
19:33 Forging
22:38 Chain Mail Armor
25:10 Iron Casting
29:20 Hand Cart
28:50 Loom
29:21 Bow Saw
29:11 Heavy Plow
30:58 Gold Shaft Mining
30:59 Stone Shaft Mining
34:09 Stone Shaft Mining
33:52 Tigui
34:28 Town Watch
35:10 Fletching
35:20 Padded Archer Armor
35:26 Scale Barding Armor
35:50 Bodkin Arrow
36:58 Leather Archer Armor
36:06 Pikeman
36:46 Squires
36:31 Arson
37:15 Husbandry
37:26 Bloodlines
36:36 Light Cavalry
40:08 Imperial Age
37:38 Town Patrol
38:48 Chain Barding Armor
42:05 Conscription
EU _XING
10:34 Feudal Age
12:22 Double-Bit Axe
13:41 Wheelbarrow
15:57 Castle Age
15:41 Gold Mining
17:21 Bow Saw
18:45 Loom
23:47 Caravan
25:17 Hand Cart
26:41 Town Watch
30:15 Imperial Age
28:53 Gold Shaft Mining
28:50 Forging
28:40 Scale Mail Armor
28:50 Forging
28:40 Scale Mail Armor
28:33 Stone Mining
28:32 Pikeman
29:13 Squires
28:58 Arson
29:07 Town Watch
30:09 Gambesons
30:32 Scale Barding Armor
31:02 Iron Casting
32:02 Chemistry
30:43 Treadmill Crane
30:38 Cavalier
31:19 Husbandry
30:54 Man-at-Arms
30:55 Halberdier
32:50 Chain Mail Armor
33:35 Blast Furnace
32:50 Chain Mail Armor
33:36 Blast Furnace
32:14 Long Swordsman
34:24 Plate Mail Armor
34:54 Blast Furnace
34:24 Plate Mail Armor
34:54 Blast Furnace
34:25 Plate Mail Armor
34:55 Blast Furnace
34:18 Paladin
37:19 Chain Barding Armor
40:06 Plate Barding Armor
39:55 Fletching
40:06 Padded Archer Armor
40:53 Fortified Wall
41:04 Ballistics
43:28 Conscription
43:32 Leather Archer Armor
43:12 Bodkin Arrow
43:32 Leather Archer Armor
43:12 Bodkin Arrow
47:42 Hoardings
Lauta_mdp
11:04 Feudal Age
12:36 Double-Bit Axe
15:09 Castle Age
17:41 Wheelbarrow
17:17 Loom
18:29 Fervor
20:23 Stone Mining
20:24 Gold Mining
20:50 Bow Saw
24:50 Hand Cart
24:51 Pikeman
25:32 Squires
31:34 Imperial Age
28:54 Horse Collar
30:29 Bloodlines
30:19 Husbandry
30:31 Forging
30:26 Scale Barding Armor
32:02 Iron Casting
31:38 Elite Leitis
32:39 Conscription
32:52 Caravan
34:36 Chain Barding Armor
34:49 Heavy Plow
36:36 Plate Barding Armor
38:33 Crop Rotation
39:48 Chemistry
45:16 Light Cavalry
47:29 Winged Hussar
48:09 Fletching
DroppingKnowLedge SOuUU! ツ
10:15 Feudal Age
10:57 Double-Bit Axe
16:00 Castle Age
14:11 Horse Collar
15:39 Stone Mining
16:32 Wheelbarrow
15:52 Town Watch
17:22 Bow Saw
18:51 Heavy Plow
21:00 Stone Shaft Mining
22:39 Gold Mining
23:35 Loom
24:06 Hand Cart
25:38 Gold Shaft Mining
25:02 Fletching
29:46 Imperial Age
27:57 Bodkin Arrow
28:06 Padded Archer Armor
28:11 Scale Barding Armor
29:08 Town Patrol
29:38 Husbandry
32:04 Elite Battle Elephant
34:31 Heavy Scorpion
35:03 Light Cavalry
35:53 Bloodlines
41:52 Forging
43:17 Hussar
46:04 Conscription
45:19 Elite Ballista Elephant
46:54 Crop Rotation
47:07 Double Crossbow
47:11 Tusk Swords
48:19 Hoardings
48:10 Town Patrol
48:47 Iron Casting
kingKIRK
12:03 Feudal Age
15:43 Castle Age
18:19 Wheelbarrow
18:51 Double-Bit Axe
22:33 Hand Cart
25:40 Bow Saw
26:45 Gold Mining
26:45 Stone Mining
28:21 Scale Barding Armor
28:27 Forging
29:31 Gold Shaft Mining
32:05 Imperial Age
29:20 Loom
29:21 Town Watch
30:37 Husbandry
30:30 Fletching
31:01 Chain Barding Armor
32:54 Iron Casting
32:15 Bodkin Arrow
33:11 Ballistics
33:52 Chemistry
32:47 Murder Holes
33:17 Conscription
34:41 Blast Furnace
34:19 Plate Barding Armor
34:20 Masonry
34:04 Cavalier
34:47 Chivalry
36:28 Blast Furnace
35:48 Paladin
37:28 Devotion
43:41 Architecture
43:25 Treadmill Crane
43:50 Siege Engineers
43:58 Fortified Wall
47:39 Hoardings
AquilaMaximus
11:18 Feudal Age
12:57 Double-Bit Axe
15:45 Castle Age
13:42 Horse Collar
14:51 Gold Mining
15:51 Fletching
17:57 Bow Saw
23:49 Bodkin Arrow
24:07 Loom
25:34 Murder Holes
26:00 Ballistics
26:50 Heavy Plow
28:25 Gold Shaft Mining
28:55 Wheelbarrow
28:10 Crossbowman
29:25 Stone Mining
29:51 Thumb Ring
33:29 Imperial Age
31:36 Hand Cart
33:34 Thumb Ring
33:51 Padded Archer Armor
34:04 Fortified Wall
33:52 Arbalester
35:19 Bracer
35:34 Leather Archer Armor
36:21 Chemistry
36:04 Crop Rotation
36:40 Two-Man Saw
39:05 Ring Archer Armor
38:46 Forging
40:17 Squires
39:42 Shield Wall
40:48 Pikeman
42:31 Iron Casting
41:56 Scale Mail Armor
42:30 Conscription
42:26 Elite Varangian Guard
42:54 Gambesons
42:54 Arson
45:50 Chain Mail Armor
47:08 Plate Mail Armor
47:20 Hoardings
46:58 Masonry
48:59 Siege Engineers
48:37 Treadmill Crane
CinderCloud
0:45 Loom
9:38 Feudal Age
10:52 Double-Bit Axe
15:44 Castle Age
13:44 Horse Collar
14:49 Gold Mining
16:40 Bow Saw
17:40 Heavy Plow
22:08 Gold Shaft Mining
22:40 Stone Mining
28:32 Imperial Age
26:50 Forging
26:46 Scale Barding Armor
27:34 Stone Shaft Mining
27:25 Grand Trunk Road
28:22 Bloodlines
28:13 Husbandry
30:15 Chemistry
29:01 Heavy Camel Rider
31:39 Two-Man Saw
31:28 Iron Casting
32:53 Imperial Camel Rider
33:57 Chain Barding Armor
34:16 Conscription
34:18 Fletching
34:28 Padded Archer Armor
35:37 Ballistics
36:31 Shatagni
36:32 Bodkin Arrow
39:15 Bracer
40:57 Leather Archer Armor
41:43 Blast Furnace
43:13 Plate Barding Armor
43:10 Ring Archer Armor
Connection lost

Rejoining the realm…

Still unreachable

The connection could not be restored.

Session expired

The server has moved on; the page needs a fresh start.